AoeStats
← Zadov420

Oasis

509765493Analyzed
3v3 RM · 5d ago on Sep 27, 2026· 112m 25s· 6 players
Game mode
Random Map
Map size
Normal (6 player)
Population
200
Speed
Normal
Resources
Standard
Victory
Conquest
Starting age
Dark Age
Ending age
Imperial Age
RankedLock teamsTeams togetherTeam positionsShared explorationLock speedFull tech treeHidden civsTurbo modeCheats
Victory
Defeat
🇺🇸 Byzantines · United States
727
+39
🇺🇸 Persians · United States
706
+16
🇺🇸 Poles · United States
558
+22
🇨🇱 Celts · Chile
701
-18
🇺🇾 Persians · Uruguay
700
-18
🇪🇨 Britons · Ecuador
681
-17
Zadov420
12:07 Feudal Age
13:44 Double-Bit Axe
13:43 Horse Collar
14:37 Gold Mining
22:07 Castle Age
20:25 Stone Mining
23:52 Husbandry
24:30 Bow Saw
25:36 Heavy Plow
31:26 Imperial Age
29:32 Ballistics
30:47 Wheelbarrow
31:29 Gold Shaft Mining
32:37 Hand Cart
34:13 Cavalier
35:40 Forging
35:20 Fletching
35:31 Padded Archer Armor
35:37 Scale Barding Armor
36:49 Chemistry
37:16 Two-Man Saw
37:23 Conscription
37:30 Elite Longbowman
39:01 Loom
39:02 Town Watch
41:24 Iron Casting
40:45 Bodkin Arrow
41:05 Leather Archer Armor
41:11 Chain Barding Armor
44:21 Yeomen
45:08 Warwolf
69:29 Light Cavalry
96:02 Elite Skirmisher
Orcowo Neckcrusher
4:08 Loom
11:08 Feudal Age
11:44 Double-Bit Axe
12:33 Horse Collar
13:30 Wheelbarrow
18:36 Gold Mining
24:13 Fletching
24:24 Padded Archer Armor
24:29 Scale Barding Armor
25:18 Stone Mining
29:37 Castle Age
30:16 Heavy Plow
30:33 Bow Saw
31:08 Hand Cart
32:59 Stone Shaft Mining
33:01 Gold Shaft Mining
33:24 Chain Barding Armor
33:19 Leather Archer Armor
33:00 Bodkin Arrow
33:11 Caravan
33:48 Coinage
33:37 Crossbowman
34:25 Thumb Ring
37:52 Imperial Age
35:41 Husbandry
35:52 Bloodlines
36:35 Kamandaran
37:31 Ballistics
37:24 Masonry
38:44 Crop Rotation
39:18 Two-Man Saw
39:13 Banking
38:56 Guilds
40:48 Plate Barding Armor
40:43 Ring Archer Armor
40:09 Town Watch
41:29 Chemistry
41:00 Architecture
41:28 Town Patrol
57:31 Elite War Elephant
58:32 Conscription
76:27 Murder Holes
79:29 Cavalier
81:03 Savar
94:55 Heavy Camel Rider
Caro
0:38 Loom
14:41 Feudal Age
15:56 Wheelbarrow
15:08 Double-Bit Axe
15:05 Horse Collar
28:16 Castle Age
29:49 Bow Saw
29:40 Heavy Plow
29:58 Hand Cart
31:28 Town Watch
32:43 Gold Mining
32:44 Stone Mining
33:08 Fortified Wall
34:16 Gold Shaft Mining
35:15 Stone Shaft Mining
34:36 Fletching
35:51 Masonry
36:03 Ballistics
37:52 Town Patrol
40:32 Imperial Age
38:13 Caravan
43:53 Onager
44:33 Bodkin Arrow
44:48 Siege Engineers
44:40 Murder Holes
45:46 Chemistry
45:47 Siege Onager
47:11 Guilds
49:10 Heated Shot
50:03 Elite Woad Raider
50:59 Furor Celtica
50:52 Stronghold
52:21 Forging
52:12 Scale Mail Armor
52:36 Conscription
52:52 Hoardings
77:01 Iron Casting
76:41 Chain Mail Armor
85:26 Coinage
87:00 Banking
96:12 Blast Furnace
95:43 Plate Mail Armor
RadCargo6254
0:50 Loom
16:04 Feudal Age
18:41 Wheelbarrow
17:52 Town Watch
18:59 Stone Mining
19:00 Gold Mining
19:03 Double-Bit Axe
22:31 Horse Collar
27:12 Bloodlines
27:14 Scale Barding Armor
27:20 Forging
27:01 Fletching
29:50 Castle Age
30:35 Hand Cart
30:21 Town Patrol
30:59 Stone Shaft Mining
31:03 Gold Shaft Mining
30:53 Caravan
31:45 Husbandry
31:05 Light Cavalry
32:31 Bow Saw
35:05 Ballistics
34:40 Murder Holes
37:47 Imperial Age
35:46 Bodkin Arrow
38:11 Chain Barding Armor
38:27 Iron Casting
39:21 Two-Man Saw
39:54 Plate Barding Armor
39:54 Cavalier
41:55 Blast Furnace
40:58 Devotion
44:14 Chemistry
43:05 Guard Tower
43:07 Savar
45:53 Scale Mail Armor
50:50 Guilds
79:24 Citadels
79:35 Conscription
80:04 Kamandaran
89:42 Hoardings
K1NGlogman
12:14 Feudal Age
13:59 Horse Collar
21:42 Castle Age
19:51 Double-Bit Axe
21:32 Scale Mail Armor
21:43 Forging
25:23 Bow Saw
25:26 Heavy Plow
28:16 Loom
29:45 Light Cavalry
32:44 Stone Mining
32:44 Gold Mining
35:08 Iron Casting
34:39 Scale Barding Armor
34:49 Chain Mail Armor
34:42 Husbandry
34:52 Bloodlines
34:08 Pikeman
39:56 Szlachta Privileges
40:25 Chain Barding Armor
40:10 Squires
39:56 Arson
43:11 Imperial Age
43:51 Winged Hussar
46:04 Blast Furnace
62:44 Cavalier
64:19 Elite Obuch
67:41 Lechitic Legacy
PrinceAbaddon
12:54 Feudal Age
24:11 Wheelbarrow
27:00 Castle Age
25:23 Forging
27:36 Pikeman
30:34 Squires
31:54 Iron Casting
31:21 Scale Mail Armor
35:45 Chain Mail Armor
35:38 Scale Barding Armor
39:48 Imperial Age
40:11 Elite Cataphract
46:19 Conscription
48:05 Man-at-Arms
48:48 Loom
51:31 Halberdier
52:49 Chain Barding Armor
89:14 Arson
91:46 Plate Mail Armor
91:53 Plate Barding Armor
Connection lost

Rejoining the realm…

Still unreachable

The connection could not be restored.

Session expired

The server has moved on; the page needs a fresh start.